 Dungeon Crawl Stone Soup version 0.28.0-53-g5a82cb258f (webtiles) character file.

Game seed: 7994900238054594982

143 Tirrikindir the Skirmisher (level 5, -1/53 HPs)
             Began as a Troll Fighter on Aug 8, 2022.
             Slain by an ogre
             ... wielding a +0 giant club
              (26 damage)
             ... on level 3 of the Dungeon.
             The game lasted 00:04:43 (1536 turns).

Tirrikindir the Skirmisher (Troll Fighter)          Turns: 1536, Time: 00:04:44

Health: -1/53      AC:  5    Str: 24    XL:     5   Next: 4%
Magic:  4/4        EV:  9    Int:  4    God:
Gold:   83         SH:  7    Dex: 11    Spells: 4/4 levels left

rFire   . . .      SeeInvis .     - Unarmed
rCold   . . .      Faith    .   b - +0 kite shield
rNeg    . . .      Spirit   .   a - +0 robe
rPois   .          Reflect  .   (helmet restricted)
rElec   .          Harm     .   h - +0 cloak
rCorr   .          Rampage  .   (gloves unavailable)
Will    .....                   (boots unavailable)
Stlth   +.........              (no amulet)
HPRegen 0.97/turn               (no ring)
MPRegen 0.09/turn               (no ring)

@: no status effects
A: large, unfitting armour, claws 3, regeneration 1, shaggy fur 1, tough skin 1
a: no special abilities


You were on level 3 of the Dungeon.
You visited 1 branch of the dungeon, and saw 3 of its levels.

You collected 83 gold pieces.

Inventory:

Missiles
 g - a javelin (quivered)
Armour
 a - a +0 robe (worn)
 b - a +0 kite shield (worn)
 h - a +0 cloak (worn)
Scrolls
 f - a scroll of teleportation {unknown}
Potions
 c - 2 potions of might
 d - a potion of magic
 e - 2 potions of heal wounds
 i - a potion of mutation {unknown}


   Skills:
 * Level 3.3 Fighting
 + Level 0.5 Throwing
 + Level 2.9 Dodging
 + Level 2.9 Shields
 * Level 3.3 Unarmed Combat


You had 4 spell levels left.
You didn't know any spells.
Your spell library contained the following spells:

 Spells                   Type           Power      Damage    Failure   Level
 Static Discharge         Conj/Air       0%         N/A       91%         2
 Dispel Undead            Necr           0%         3d6       100%        4
 Hailstorm                Conj/Ice       0%         3d3       100%        4
 Ice Form                 Ice/Tmut       0%         N/A       100%        4
 Sticky Flame             Conj/Fire      0%         2d3       100%        4
 Simulacrum               Ice/Necr       0%         N/A       100%        6


Dungeon Overview and Level Annotations

Branches:
Dungeon (3/15)

Altars:


Innate Abilities, Weirdness & Mutations

You are too large for most types of armour.
You have claws for hands.
Your natural rate of healing is unusually fast.
You are covered in fur. (AC +1)
You have tough skin. (AC +1)


Message History

You have reached level 5!
You barely miss the goblin. The goblin hits you with a +0 club.
You closely miss the goblin. The goblin hits you with a +0 club.
You claw the goblin!
You kill the goblin!
Items here: ( )))))) ††††.
Okay, then.
i - a bubbling green potion
Items here: ( ))))) [[ ††††††††.
Okay, then.
You now have 83 gold pieces (gained 10).
Found 11 stones.
There is an escape hatch in the floor here.
An ogre comes into view. It is wielding a +0 giant club.
An ogre is nearby!
Throw: 4 javelins
Press: ? - help, Q - select action Shift-Dir - straight line, f - ogre
Aim: an ogre, wielding a +0 giant club (72% to hit)
You throw a javelin.
The javelin pierces through the ogre but does no damage.
Unknown command.
Throw: 3 javelins
Press: ? - help, Q - select action Shift-Dir - straight line, f/p - ogre
Aim: an ogre, wielding a +0 giant club (72% to hit)
You throw a javelin. The javelin barely misses the ogre.
Unknown command.
Throw: 2 javelins
Press: ? - help, Q - select action Shift-Dir - straight line, f/p - ogre
Aim: an ogre, wielding a +0 giant club (72% to hit)
You throw a javelin. The javelin pierces through the ogre.
The ogre is lightly wounded.
Unknown command.
You scratch the ogre.
The ogre is lightly wounded.
The ogre hits you with a +0 giant club!!
Ouch! That really hurt!
You closely miss the ogre.
The ogre is lightly wounded.
The ogre hits you with a +0 giant club!!
You die...

#.####.......#
#............#
#.........#....
#.#.>##.......##
#...###.##.##[#
#.......# .# (#
#.....(.# ##
##.####.# #@#
... #O# .# #.# .
#.# #.# #.# #.#
.(#


You could see an ogre.

Vanquished Creatures
  Crazy Yiuf (D:2)
  Jessica (D:2)
  Robin (D:3)
  3 adders
  A worm (D:2)
  3 dart slugs
  An endoplasm (D:1)
  10 goblins
  6 hobgoblins
  2 kobolds
  2 quokkas (D:2)
  2 ball pythons
  3 bats
  4 frilled lizards
  4 rats
44 creatures vanquished.

Vanquished Creatures (others)
  5 fungi
  4 plants (D:1)
9 creatures vanquished.

Grand Total: 53 creatures vanquished

Notes
Turn   | Place    | Note
-------+----------+-------------------------------------------
     0 | D:1      | Tirrikindir the Troll Fighter began the quest for the Orb.
     0 | D:1      | Reached XP level 1. HP: 22/22 MP: 0/0
   313 | D:1      | Reached XP level 2. HP: 28/29 MP: 1/1
   878 | D:2      | Reached XP level 3. HP: 36/36 MP: 2/2
   878 | D:2      | Noticed Jessica
   886 | D:2      | Killed Jessica
   999 | D:2      | Reached XP level 4. HP: 45/45 MP: 3/3
  1414 | D:2      | Found a runed translucent door.
  1424 | D:2      | Noticed Crazy Yiuf
  1434 | D:2      | Killed Crazy Yiuf
  1478 | D:3      | Noticed Robin
  1511 | D:3      | Killed Robin
  1512 | D:3      | Reached XP level 5. HP: 41/53 MP: 4/4
  1531 | D:3      | Noticed an ogre
  1536 | D:3      | Slain by an ogre

Illustrated notes

Levels and vault maps discovered:
D:1:      tarquinn_simple_flora_water_d, layout_basic, minmay_hedge_maze
D:2:      layout_basic, uniq_jessica, uniq_crazy_yiuf_cottage
D:3:      layout_loops_cross, ebering_ghost_sewer_d, corner_web_ring, uniq_robin

Skill      XL: |  1  2  3  4 |
---------------+-------------+-----
Fighting       | 3 |  3.3
Unarmed Combat | 3 |  3.3
Throwing       | |  0.5
Dodging        | |  2.9
Shields        | |  2.9

Action                   |  1- 3 |  4- 6 || total
-------------------------+-------+-------++-------
Melee: Unarmed           |    74 |    52 ||   126
Throw: Javelin           |       |     3 ||     3
  Use: Scroll            |     4 |       ||     4
Armor: Robe              |    17 |    10 ||    27
Dodge: Dodged            |    14 |    16 ||    30
Block: Kite shield       |    26 |    14 ||    40
